Description

Super aggressive game ending push

Replay - AGOElazer v Scarlett - Triton LE

Build Order

Get SALT Encoding   

  12  0:00  Drone  
  13  0:12  Overlord  
  13  0:16  Drone  
  14  0:30  Drone x2  
  16  0:47  Hatchery  
  15  0:50  Drone x2  
  18  0:57  Drone  
  18  1:07  Extractor  
  17  1:12  Spawning Pool  
  17  1:15  Drone x2  
  18  1:27  Drone  
  19  1:38  Drone  
  20  1:49  Drone  
  21  1:58  Queen x2  
  21  1:59  Drone, Overlord  
  26  2:07  Metabolic Boost  
  26  2:09  Drone  
  26  2:11  Zergling x2  
  28  2:21  Drone x2  
  30  2:31  Drone  
  30  2:34  Hatchery  
  30  2:37  Drone  
  31  2:42  Drone x2  
  33  2:47  Baneling Nest  
  32  2:53  Evolution Chamber  
  32  2:54  Overlord  
  32  2:56  Drone  
  32  3:04  Drone x2  
  34  3:06  Zergling x4  
  36  3:13  Overlord  
  36  3:14  Zergling x8  
  40  3:22  Zerg Melee Weapons Level 1  
  40  3:30  Overlord  
  40  3:31  Zergling x2  
  41  3:35  Baneling  
  41  3:40  Zergling x10  
  46  3:41  Baneling  
  46  3:46  Zergling x6  
  49  3:55  Overlord  
  49  4:00  Overlord  
  49  4:02  Zergling x8  
  51  4:10  Zergling x10  
  51  4:16  Baneling x4  
  55  4:25  Zergling x10  
  55  4:30  Baneling  
  60  4:37  Baneling  
  59  4:43  Zergling x16  
  63  4:53  Zergling x12  
  66  5:01  Baneling x2  
  66  5:03  Zergling x4  
  64  5:10  Baneling  
Spawning Tool Build Advisor. Get it on Overwolf

Go to:

Details

  • Created by: kingfish
  • Published on: Mar 29, 2020
  • Modified on: Mar 29, 2020
  • Patch: 4.11.0
Show
View Real Time Build Order
Export as new Build Order

Comments (0)

There are no comments. Be the first!

Create an account to comment!